 Dungeon Crawl Stone Soup version 0.29-a0-334-gb41bcbb86e (webtiles) character file.

Game seed: 482342106579810648

9 spaghetti the Caller (level 2, 0/19 HPs)
             Began as an Octopode Summoner on Apr 14, 2022.
             Slain by a jackal (1 damage)
             ... on level 1 of the Dungeon.
             The game lasted 00:00:54 (378 turns).

spaghetti the Caller (Octopode Summoner)             Turns: 378, Time: 00:00:55

Health: 0/19       AC:  1    Str:  7    XL:     2   Next: 16%
Magic:  3/5        EV: 13    Int: 17    God:
Gold:   15         SH:  0    Dex: 12    Spells: 4/5 levels left

rFire   . . .      SeeInvis .   c - +0 dagger {short}
rCold   . . .      Faith    .   (no shield)
rNeg    . . .      Spirit   .   (helmet restricted)
rPois   .          Reflect  .   (no amulet)
rElec   .          Harm     .   (no ring)
rCorr   .          Rampage  .   (no ring)
Will    .....                   (no ring)
Stlth   +++.......              (no ring)
HPRegen 0.06/turn               (no ring)
MPRegen 0.09/turn               (no ring)
                                (no ring)
                                (no ring)

@: no status effects
A: almost no armour, amphibious, 8 rings, camouflage 1, gelatinous body 1,
(nimble swimmer 1), tentacles
a: no special abilities


You were on level 1 of the Dungeon.
You visited 1 branch of the dungeon, and saw 1 of its levels.

You collected 15 gold pieces.


Innate Abilities, Weirdness & Mutations

You cannot wear most types of armour.
You are amphibious.
You can wear up to eight rings at the same time.
Your skin changes colour to match your surroundings (Stealth+).
Your rubbery body absorbs attacks. (AC +1, EV +1)
((You are camouflaged when in or above water. (Stealth+)))
You have tentacles for arms and can constrict up to eight enemies at once.


   Skills:
 + Level 1.7 Fighting
 - Level 2.0 Dodging
 - Level 2.6 Stealth
 - Level 2.0 Spellcasting
 - Level 4.0 Summonings


You had 4 spell levels left.
You knew the following spells:

 Your Spells              Type           Power      Damage    Failure   Level
a - Summon Small Mammal   Summ           60%        N/A       3%          1

Your spell library contained the following spells:

 Spells                   Type           Power      Damage    Failure   Level
 Call Imp                 Summ           15%        N/A       5%          2
 Call Canine Familiar     Summ           15%        N/A       11%         3
 Summon Guardian Golem    Hex/Summ       8%         N/A       26%         3
 Summon Lightning Spire   Summ/Air       8%         N/A       63%         4

Inventory:

Hand Weapons
 c - a +0 dagger (weapon) {short}
   (You took it off a kobold on level 1 of the Dungeon)
Scrolls
 b - a scroll of identify {unknown}
Potions
 a - a potion of magic

Dungeon Overview and Level Annotations

Branches:
Dungeon (1/15)

Altars:

#.....## #.?.... ..
#.....# ...
#.>...###..... #######
###.......... .......
#g..#..##....
$..r...##b#.#..##... .
?......#hยง#......... ..
.....).@h###..#.### ..
$#.......ยง........##.##
#.....##..##...#.....#
#..... #.####..รท.##.
#.#### #.####.#..##. $.
###.#............. .
##.....###.....#...
###..##.#......#... .
#.........###......#


You could see 2 jackals, a hobgoblin (ally target), a rat and a friendly bat
(summoned).


Message History

The jackal barks!
The jackal barely misses you. The hobgoblin hits you. ๐Ÿ˜• HP[-1]
You take 1 damage, and now have 18/19 hp.
You are too injured to fight recklessly!
You are too injured to fight recklessly!
You are too injured to fight recklessly!
You are too injured to fight recklessly!
You are too injured to fight recklessly!
You are too injured to fight recklessly!
You are too injured to fight recklessly!
You are too injured to fight recklessly!
You are too injured to fight recklessly!
Unknown command.
You barely miss the jackal. Your grab misses the jackal.
Your squeeze misses the jackal. The jackal closely misses you.
The jackal bites you. The hobgoblin barely misses you.
The jackal barely misses you. x2 ๐Ÿ˜• HP[-3]
You take 3 damage, and now have 15/19 hp.
You hit the jackal. Your grab misses the jackal. You tentacle-slap the jackal.
Your squeeze misses the jackal. The jackal bites you.
The hobgoblin misses you. ๐Ÿ˜ฎ HP[-1]
You take 1 damage, and now have 14/19 hp.
You hit the jackal but do no damage. You grab the jackal.
You squeeze the jackal, but do no damage.
You constrict the jackal, but do no damage.
The jackal misses you. The jackal bites you.
The hobgoblin hits you but does no damage.
The jackal bites you.
* * * LOW HITPOINT WARNING * * *
The jackal bites you.
* * * LOW HITPOINT WARNING * * *
The jackal misses you. ๐Ÿ˜จ HP[-9]
You take 9 damage, and now have 5/19 hp.
MASSIVE DAMAGE!! (PAUSE)
Okay, then.
You release your grip on the jackal.
The jackal attacks as you move away! The jackal misses you.
The jackal attacks as you move away! The jackal bites you.
* * * LOW HITPOINT WARNING * * *
๐Ÿ˜ฑ HP[-3]
You take 3 damage, and now have 2/19 hp.
Unknown command.
Okay, then.
Okay, then.
Casting: Summon Small Mammal (safe; 3% risk of failure)
Confirm with . or Enter, or press ? or * to list all spells.
The jackal bites you.
* * * LOW HITPOINT WARNING * * *
๐Ÿ˜ฑ MP[-1]
You lost 1 mp, and now have 4/5 mp.
Casting: Summon Small Mammal (safe; 3% risk of failure)
Confirm with . or Enter, or press ? or * to list all spells.
The jackal bites you.
* * * LOW HITPOINT WARNING * * *
๐Ÿ˜ฑ HP[-1] MP[-1]
You take 1 damage, and now have 1/19 hp.
You lost 1 mp, and now have 3/5 mp.
Unknown command.
You swap places.
Your bat barely misses the jackal.
The jackal barely misses your bat. The jackal misses your bat.
Your bat misses the jackal.
Unknown command.
Unknown command.
The jackal attacks as you move away! The jackal closely misses you.
A rat comes into view.
Your bat misses the jackal.
Your bat hits the jackal but does no damage.
Your rat bites the jackal but does no damage.
Your bat hits the jackal but does no damage.
Unknown command.
Unknown command.
You hit the jackal. You grab the jackal.
You constrict the jackal, but do no damage.
Your bat barely misses the jackal.
Your bat hits the jackal but does no damage.
The jackal bites your bat. The jackal closely misses your bat.
Your rat bites the jackal.
Unknown command.
You hit the jackal but do no damage. You constrict the jackal.
You kill the jackal!
Your bat hits the jackal but does no damage.
The hobgoblin hits your bat but does no damage.
The jackal barely misses you. The jackal barely misses your bat.
Your rat bites the jackal but does no damage.
Your bat closely misses the hobgoblin.
You hit the jackal. Your grab misses the jackal.
Your bat barely misses the hobgoblin.
The jackal bites your rat.
Your rat dies!
Your rat's corpse disappears in a puff of smoke!
You hit the jackal but do no damage. Your grab misses the jackal.
The jackal barely misses your bat.
Your bat barely misses the jackal.
The jackal misses you.
Your bat closely misses the jackal.
You hit the jackal but do no damage. You grab the jackal.
You constrict the jackal. Your bat hits the hobgoblin.
The hobgoblin barely misses your bat. The jackal closely misses you.
The jackal bites you.
You die...

Skill      XL: |  1 |
---------------+----+-----
Fighting       | 1 |  1.7
Dodging        | |  2.0
Stealth        | |  2.6
Spellcasting   | |  2.0
Summonings     | |  4.0

Action                   || total
-------------------------++-------
Melee: Unarmed           ||    13
       Tentacles         ||     7
       Constrict         ||     5
       Dagger            ||     8
       Punch             ||     1
 Cast: Summon Small Mamm ||     7
Armor: Skin              ||     2
Dodge: Dodged            ||    20

Levels and vault maps discovered:
D:1:      minmay_arrival_stone_box, layout_rooms, nrook_loot_triangle,
          minmay_close_crescents

Notes
Turn   | Place    | Note
-------+----------+-------------------------------------------
     0 | D:1      | spaghetti the Octopode Summoner began the quest for the
                  | Orb.
     0 | D:1      | Reached XP level 1. HP: 11/11 MP: 3/3
     0 | D:1      | magus.rc [v1.9.6]
    80 | D:1      | Reached skill level 1 in Fighting
    83 | D:1      | HP: 3/13 [kobold/+0 dagger (1)]
    90 | D:1      | Reached XP level 2. HP: 3/18 MP: 1/5
   368 | D:1      | HP: 2/19 [jackal (3)]
   378 | D:1      | Slain by a jackal

Vanquished Creatures
  A dart slug (D:1)
  An endoplasm (D:1)
  A jackal (D:1)
  A kobold (D:1)
  A frilled lizard (D:1)
5 creatures vanquished.

Vanquished Creatures (collateral kills)
  An endoplasm (D:1)
  A rat (D:1)
2 creatures vanquished.

Grand Total: 7 creatures vanquished

Table legend:
 A = Non-vault XP
 B = Vault XP
 C = Vault XP percentage of total XP
 D = Non-vault monster count
 E = Vault monster count
 F = Vault count percentage of total count
                 A         B        C        D         E       F
            +---------+---------+-------+---------+---------+-------
      Total |      14 |       0 |   0.0 |       7 |       0 |   0.0
            +---------+---------+-------+---------+---------+-------
        D:1 |      14 |       0 |   0.0 |       7 |       0 |   0.0
            +---------+---------+-------+---------+---------+-------

Illustrated notes

Table legend:
 A = Kills in this place as a percentage of kills in entire the game.
 B = Kills by you in this place as a percentage of kills by you in the entire game.
 C = Kills by friends in this place as a percentage of kills by friends in the entire game.
 D = Other kills in this place as a percentage of other kills in the entire game.
 E = Experience gained in this place as a percentage of experience gained in the entire game.
 F = Experience gained in this place divided by the number of levels of this place that you have seen.
                   A       B       C       D       E      F
               +-------+-------+-------+-------+-------+----------------------
         Total | 100.0 | 100.0 | 100.0 |   N/A | 100.0 |  14.0
       Dungeon | 100.0 | 100.0 | 100.0 |   N/A | 100.0 |  14.0
               +-------+-------+-------+-------+-------+----------------------

Table legend: (Time is in decaauts)
 A = Elapsed time spent in this place.
 B = Non-inter-level travel time spent in this place.
 C = Inter-level travel time spent in this place.
 D = Time resting spent in this place.
 E = Time spent auto-exploring this place.
 F = Levels seen in this place.
 G = Mean time per level.
                   A        B        C        D        E       F      G
               +--------+--------+--------+--------+--------+-----+--------+
         Total |    377 |    377 |      0 |     35 |    284 |   1 |  377.0 |
       Dungeon |    377 |    377 |      0 |     35 |    284 |   1 |  377.0 |
               +--------+--------+--------+--------+--------+-----+--------+

Top non-repeatable levels by time:
     D:1: 377 daAuts
